 Dungeon Crawl Stone Soup version 0.23.2-40-g277498a001 (webtiles) character file.

Game seed: 14698073283127539982

404 H0rd4k the Charlatan (level 7, -10/51 HPs)
             Began as a Human Artificer on Oct 15, 2019.
             Mangled by a troll (12 damage)
             ... on level 3 of the Dungeon.
             The game lasted 00:06:53 (4041 turns).

H0rd4k the Charlatan (Human Artificer)              Turns: 4041, Time: 00:06:53

Health: -10/51     AC:  3    Str: 15    XL:     7   Next: 12%
Magic:  3/3        EV: 13    Int: 11    God:
Gold:   156        SH:  0    Dex: 13    Spells: 6/6 levels left

rFire    . . .     SeeInvis .   h - +1 short sword (antimagic)
rCold    . . .     Gourm    .   (no shield)
rNeg     . . .     Faith    .   b - +0 leather armour
rPois    .         Spirit   .   (no helmet)
rElec    .         Reflect  .   (no cloak)
rCorr    .         Harm     .   (no gloves)
MR       .....                  (no boots)
Stlth    ++........             (no amulet)
HPRegen  0.17/turn              (no ring)
MPRegen  0.08/turn              (no ring)

@: no status effects
A: no striking features
a: no special abilities


You were on level 3 of the Dungeon.
You were not hungry.

You visited 1 branch of the dungeon, and saw 3 of its levels.

You collected 156 gold pieces.

Inventory:

Hand Weapons
 a - a +0 short sword
 h - a +1 antimagic short sword (weapon)
Armour
 b - a +0 leather armour (worn)
Jewellery
 g - an uncursed ring of flight {unknown}
Wands
 c - a wand of flame (5)
 d - a wand of enslavement (12)
 e - a wand of polymorph (7)
Scrolls
 i - 6 scrolls of teleportation {unknown}
 k - 2 scrolls of magic mapping {unknown}
 m - 3 scrolls of remove curse {unknown}
 q - a scroll of identify {unknown}
 s - a scroll of enchant weapon {unknown}
Potions
 j - a potion of ambrosia {unknown}
 l - a potion of agility {unknown}
 n - 2 potions of curing {unknown}
 o - 3 potions of magic {unknown}
 p - a potion of lignification {unknown}
 r - a potion of might {unknown}
 t - a potion of heal wounds {unknown}
Comestibles
 f - 7 rations
 u - a chunk of flesh


   Skills:
 + Level 2.3 Fighting
 + Level 3.5 Short Blades
 + Level 2.6 Armour
 + Level 3.1 Dodging
 + Level 2.1 Stealth
 + Level 4.2 Evocations


You had 6 spell levels left.
You didn't know any spells.
Your spell library was empty.

Dungeon Overview and Level Annotations

Branches:
Dungeon (3/15)

Altars:
Okawaru

Annotations:
D:3 exclusion: troll, Purgy, Terence


Message History

Really walk into a travel-excluded area? [Y]es or [N]o only, please.
Really walk into a travel-excluded area?
Okay, then.
Stopped running for exclusion.
Really walk into a travel-excluded area?
Purgy shouts!
What are your orders? t - Shout!
Orders for allies: a - Attack new target. r - Retreat! s - Stop attacking. g - Guard the area. f - Follow me.
Anything else - Cancel.
Gang up on whom?
Press: ? - help, Dir - move target cursor, f - Purgy
Aim: Purgy Attack!
The troll is no longer charmed.
The troll bites you!
* * * LOW HITPOINT WARNING * * *
The troll claws you!
You die...

....[.#######..........#.#..#..#
......## #..........#.#..#..#
.......# #..........#.#######
..#.#########..........#.#
.......................#.#
###...............######.#
###########..............#
..........'.....T#######.#
...########.....@..$T......
........##........####...###
........##........# ##.#
........##........# #.#
........##........######.#
........######.........#.#
........# #.#.#####.# ...######
#.#.# #.# #### ########.#.# #.#


You could see a troll and Purgy.

Vanquished Creatures
  Sigmund (D:3)
  An ogre (D:2)
  Robin (D:3)
  2 gnolls (D:2)
  An adder (D:2)
  3 oozes (D:2)
  A dart slug (D:1)
  2 leopard geckos (D:2)
  An orc (D:3)
  5 bats
  A giant cockroach (D:2)
  19 goblins
  14 hobgoblins
  11 jackals (D:1)
  5 frilled lizards
  9 kobolds
  6 rats
83 creatures vanquished.

Vanquished Creatures (collateral kills)
  An eye of draining (D:3)
  A kobold (D:2)
2 creatures vanquished.

Vanquished Creatures (others)
  A leopard gecko (D:2)
1 creature vanquished.

Grand Total: 86 creatures vanquished

Notes
Turn   | Place    | Note
-------+----------+-------------------------------------------
     0 | D:1      | H0rd4k the Human Artificer began the quest for the Orb.
     0 | D:1      | Reached XP level 1. HP: 15/15 MP: 3/3
   228 | D:1      | Reached XP level 2. HP: 18/21 MP: 1/4
   395 | D:1      | Reached XP level 3. HP: 25/26 MP: 1/5
  1333 | D:2      | Reached XP level 4. HP: 24/32 MP: 2/6
  1350 | D:2      | Found a faded altar of an unknown god.
  1460 | D:2      | Noticed an ogre
  1476 | D:2      | Reached skill level 1 in Armour
  1525 | D:2      | Killed an ogre
  1525 | D:2      | Reached XP level 5. HP: 16/37 MP: 2/7
  2011 | D:2      | Found an iron altar of Okawaru.
  2686 | D:3      | Noticed Purgy
  2709 | D:3      | Noticed Sigmund
  2774 | D:3      | Killed Sigmund
  2774 | D:3      | Reached skill level 4 in Evocations
  2774 | D:3      | Reached XP level 6. HP: 4/44 MP: 3/9
  2914 | D:3      | Noticed a troll
  3087 | D:3      | Noticed Terence
  3464 | D:3      | Noticed Robin
  3965 | D:3      | Killed Robin
  3976 | D:3      | Noticed an eye of draining
  4017 | D:3      | Killed an eye of draining
  4017 | D:3      | Reached XP level 7. HP: 13/51 MP: 3/10
  4041 | D:3      | HP: 2/51 [troll (15)]
  4041 | D:3      | Mangled by a troll

Skill      XL: |  1  2  3  4  5 |
---------------+----------------+-----
Short Blades   | 2 3 |  3.5
Armour         | 1 2 |  2.6
Fighting       | 2 |  2.3
Dodging        | 3 |  3.1
Stealth        | 2 |  2.1
Evocations     | 4 |  4.2

Action                   |  1- 3 |  4- 6 |  7- 9 || total
-------------------------+-------+-------+-------++-------
Melee: Short sword       |   141 |   156 |       ||   297
Evoke: Wand              |       |    28 |       ||    28
 Stab: Sleeping          |     3 |     2 |       ||     5
  Eat: Chunk             |     1 |     6 |       ||     7
       Ration            |       |     1 |       ||     1
Armor: Leather armour    |    24 |    24 |       ||    48
Dodge: Dodged            |    98 |   125 |       ||   223
